MapleLeafs vs Avalanche

Created - October-17-13 at 18:21

Goals
1 2 3 T
MapleLeafs 0 1 0 1
Avalanche 1 1 0 2
Shots
1 2 3 T
MapleLeafs 12 8 10 30
Avalanche 7 12 4 23

1st period

1. Avalanche , Marian Hossa 5 (Cody Hodgson, Kevin Shattenkirk) at 1:00

Penalties :
Johan Franzen (COL) for Holding (Minor) at 4:15, Drew Doughty (TOR) for Boarding (Minor) at 9:46

2nd period

2. Avalanche , Johan Franzen 2 (Derek Stepan, Kevin Shattenkirk) at 0:25
3. MapleLeafs , Evgeni Malkin 4 (Drew Doughty) at 3:33

Penalties :
Jonathan Ericsson (TOR) for Holding (Minor) at 1:03, Kevin Shattenkirk (COL) for Goalie Interference (Minor) at 4:39, Vincent Lecavalier (TOR) for Roughing (Minor) at 4:39, Vincent Lecavalier (TOR) for Tripping (Minor) at 9:24

3rd period

No Goal

Penalties :
Michael Del Zotto (COL) for Hooking (Minor) at 8:05, Rostislav Klesla (TOR) for Interference (Minor) at 10:40, Greg Zanon (TOR) for Hooking (Minor) at 15:22

Goalie Stats

Johan Hedberg (TOR), 21 saves from 23 shots - (0.913), L, 0-1-0, 59:03 minutes
Evgeni Nabokov (COL), 29 saves from 30 shots - (0.967), W, 1-0-0, 60:00 minutes

Players Stats for MapleLeafs

Player Name              G  A  P  +/- PIM S  H  SB GA TA FO     MP     PP MP  PK MP  
------------------------------------------------------------------------------------
Adam Hall                0  0  0   0  0   0  0  0  0  0  8/15   10:26   0:00   1:06 
Adam Henrique            0  0  0   0  0   2  0  0  0  0  13/27  20:34   1:37   3:52 
Brian Lashoff            0  0  0  -1  0   0  4  1  0  0  0/0    15:16   0:00   3:44 
Derek Dorsett            0  0  0  -1  0   3  2  0  0  0  0/0    11:35   0:00   0:00 
Drew Doughty             0  1  1   0  2   4  3  1  0  0  0/0    27:19   2:21   4:36 
Evgeni Malkin            1  0  1   0  0   5  0  0  0  0  0/1    21:10   2:21   0:00 
Greg Zanon               0  0  0  -1  2   0  2  1  0  0  0/0    19:55   2:21   5:10 
Hal Gill                 0  0  0   0  0   0  0  1  0  0  0/0     7:59   0:00   0:00 
Jonathan Ericsson        0  0  0   0  2   0  2  1  0  0  0/0    18:51   1:37   3:03 
Nick Leddy               0  0  0   0  0   0  0  1  0  0  0/0    12:33   0:00   0:02 
Patrick Marleau          0  0  0   0  0   5  1  0  0  0  1/2    19:40   2:21   5:17 
Raffi Torres             0  0  0   0  0   3  6  0  0  0  0/0    15:56   1:37   0:00 
Rostislav Klesla         0  0  0   0  2   1  1  1  0  0  0/0    18:03   1:37   3:15 
Ryan Callahan            0  0  0   0  0   1  0  0  0  0  0/0     8:21   0:00   0:00 
Ryan Carter              0  0  0  -1  0   1  0  0  0  0  0/0    14:56   0:00   3:52 
Steve Sullivan           0  0  0   0  0   2  0  2  0  0  0/0    15:21   1:37   0:00 
Vernon Fiddler           0  0  0  -1  0   1  0  0  0  0  16/27  16:47   0:00   5:43 
Vincent Lecavalier       0  0  0   0  4   2  2  0  0  0  7/22   13:18   2:21   0:00 

Players Stats for Avalanche

Player Name              G  A  P  +/- PIM S  H  SB GA TA FO     MP     PP MP  PK MP  
------------------------------------------------------------------------------------
Alexei Emelin            0  0  0   0  0   1  2  2  0  0  0/0    15:42   0:00   1:51 
Brayden Schenn           0  0  0   1  0   1  0  0  0  0  1/1    13:06   0:40   0:00 
Brian Gionta             0  0  0  -1  0   0  0  0  0  0  0/1    12:48   0:00   2:22 
Chris Stewart            0  0  0   1  0   1  5  1  0  0  1/2    19:49   5:16   0:00 
Cody Hodgson             0  1  1   1  0   0  0  0  0  0  6/14   17:02   4:36   0:00 
Derek Stepan             0  1  1   1  0   3  2  0  0  0  15/30  20:07   4:39   0:00 
Johan Franzen            1  0  1   1  2   6  3  0  0  0  0/0    19:28   4:39   0:00 
John Carlson             0  0  0  -1  0   1  0  1  0  0  0/0    23:24   4:45   2:35 
Jordan Staal             0  0  0  -1  0   2  3  0  0  0  17/30  19:15   5:16   2:22 
Justin Abdelkader        0  0  0   0  0   0  1  0  0  0  1/1     6:36   0:00   0:00 
Kevin Porter             0  0  0   0  0   1  1  0  0  0  7/13    8:22   0:10   1:36 
Kevin Shattenkirk        0  2  2   2  2   1  1  1  0  0  0/0    23:38   5:10   2:17 
Lubomir Visnovsky        0  0  0   1  0   1  1  0  0  0  0/0    20:10   5:10   0:00 
Marcus Johansson         0  0  0  -1  0   1  0  0  0  0  1/1    11:27   0:00   0:00 
Marian Hossa             1  0  1   1  0   3  1  0  0  0  0/1    19:26   4:29   1:36 
Michael Del Zotto        0  0  0   0  2   1  1  1  0  0  0/0    24:04   4:45   1:13 
Travis Moen              0  0  0   0  0   0  0  0  0  0  0/0     6:36   0:00   0:00 
Tyson Barrie             0  0  0   0  0   0  0  2  0  0  0/0    13:00   0:00   0:00 

3 Stars

1 - Evgeni Nabokov (COL)
2 - Marian Hossa (COL)
3 - Kevin Shattenkirk (COL)

Power Play

MapleLeafs - 0 on 2 Attempt(s) - 0.00%
Avalanche - 0 on 5 Attempt(s) - 0.00%

Penalty Kill

MapleLeafs - 5 on 5 Attempt(s) - 100.00% - Score 0 goal in Penalty Kill
Avalanche - 2 on 2 Attempt(s) - 100.00% - Score 0 goal in Penalty Kill

Official

Referees : Mike Hasenfratz and Dan O'Halloran
Linesman : Jonny Murray and Brad Kovachik

Game Notes

No Game Note

Finance

Level 1 -- Attendance: 5672 (87.26%) -- Ticket Income $578,544
Level 2 -- Attendance: 4789 (95.78%) -- Ticket Income $359,175
Level 3 -- Attendance: 2989 (85.40%) -- Ticket Income $164,395
Level 4 -- Attendance: 1769 (88.14%) -- Ticket Income $79,605
Luxury Box -- Attendance: 1000 (100.00%) -- Ticket Income $200,000
Game was played at the Pepsi Center
Total Attendance: 16219 (90.07%)
Total Ticket Income: $1,381,719
Other Income: $207,258
Total Income: $1,588,977


% Time on Ice - MapleLeafs

Lines # - Real PCT - Wanted PCT - Time Play
Normal Forward
1 - 24% - 29% - 10:21
2 - 32% - 25% - 13:44
3 - 25% - 23% - 11:04
4 - 19% - 23% - 8:21
Normal Defense
1 - 25% - 28% - 10:54
2 - 30% - 26% - 13:12
3 - 26% - 26% - 11:25
4 - 18% - 20% - 7:59
PP Forward
1 - 59% - 54% - 2:21
2 - 41% - 46% - 1:37
PP Defense
1 - 59% - 55% - 2:21
2 - 41% - 45% - 1:37
PK Forward
1 - 61% - 56% - 6:03
2 - 39% - 44% - 3:52
PK Defense
1 - 56% - 55% - 5:31
2 - 44% - 45% - 4:24
PK3 Forward
1 - 0% - 55%
2 - 0% - 45%
PK3 Defense
1 - 0% - 54%
2 - 0% - 46%
44 Forward
1 - 71% - 55% - 1:24
2 - 29% - 45% - 0:35
44 Defense
1 - 50% - 54% - 0:59
2 - 50% - 46% - 1:00
Last Minute Offensive  - 0:38
Last Minute Defensive  - 0:00
Total
Forward - 60:00
Defense - 60:00

% Time on Ice - Avalanche

Lines # - Real PCT - Wanted PCT - Time Play
Normal Forward
1 - 33% - 35% - 14:33
2 - 28% - 30% - 12:26
3 - 24% - 25% - 10:26
4 - 15% - 10% - 6:36
Normal Defense
1 - 34% - 35% - 14:49
2 - 32% - 30% - 14:12
3 - 30% - 25% - 13:00
4 - 5% - 10% - 2:00
PP Forward
1 - 47% - 52% - 4:39
2 - 53% - 48% - 5:16
PP Defense
1 - 48% - 52% - 4:45
2 - 52% - 48% - 5:10
PK Forward
1 - 60% - 52% - 2:22
2 - 40% - 48% - 1:36
PK Defense
1 - 74% - 55% - 2:56
2 - 26% - 45% - 1:02
PK3 Forward
1 - 0% - 54%
2 - 0% - 46%
PK3 Defense
1 - 0% - 55%
2 - 0% - 45%
44 Forward
1 - 60% - 52% - 1:11
2 - 40% - 48% - 0:48
44 Defense
1 - 57% - 60% - 1:08
2 - 43% - 40% - 0:51
Last Minute Offensive  - 0:00
Last Minute Defensive  - 0:07
Total
Forward - 60:00
Defense - 60:00

Play by Play

1st period


0:01 of 1st period - Derek Stepan wins face-off versus Vincent Lecavalier in neutral zone.
0:29 of 1st period - Icing by John Carlson.
0:30 of 1st period - Adam Henrique wins face-off versus Derek Stepan in Avalanche zone.
0:30 of 1st period - Adam Henrique is hit by Michael Del Zotto.
0:46 of 1st period - Shot by Johan Franzen.
0:46 of 1st period - Stopped by Johan Hedberg without a rebound.
0:47 of 1st period - Vernon Fiddler wins face-off versus Cody Hodgson in MapleLeafs zone.
1:00 of 1st period - Shot by Cody Hodgson.
1:00 of 1st period - Deflect By Marian Hossa.
1:00 of 1st period - Goal by Marian Hossa - MapleLeafs : 0 - Avalanche : 1.
1:01 of 1st period - Jordan Staal wins face-off versus Adam Hall in neutral zone.
1:11 of 1st period - Off-side.
1:12 of 1st period - Cody Hodgson wins face-off versus Vernon Fiddler in neutral zone.
1:23 of 1st period - Icing by Derek Dorsett.
1:24 of 1st period - Vernon Fiddler wins face-off versus Jordan Staal in MapleLeafs zone.
1:33 of 1st period - Shot by Derek Dorsett.
1:33 of 1st period - Stopped by Evgeni Nabokov without a rebound.
1:34 of 1st period - Adam Hall wins face-off versus Kevin Porter in Avalanche zone.
1:48 of 1st period - Icing by Michael Del Zotto.
1:49 of 1st period - Justin Abdelkader wins face-off versus Adam Henrique in Avalanche zone.
1:49 of 1st period - Justin Abdelkader is hit by Raffi Torres.
1:54 of 1st period - Off-side.
1:55 of 1st period - Adam Henrique wins face-off versus Cody Hodgson in neutral zone.
2:21 of 1st period - Shot by Cody Hodgson.
2:21 of 1st period - Shot Misses the Net.
2:29 of 1st period - Shot by Marian Hossa.
2:29 of 1st period - Deflect By Brayden Schenn.
2:29 of 1st period - Shot Misses the Net.
3:43 of 1st period - Icing by Kevin Shattenkirk.
3:44 of 1st period - Vernon Fiddler wins face-off versus Jordan Staal in Avalanche zone.
3:55 of 1st period - Shot by Derek Dorsett.
3:55 of 1st period - Stopped by Evgeni Nabokov without a rebound.
3:56 of 1st period - Chris Stewart wins face-off versus Adam Henrique in Avalanche zone.
4:03 of 1st period - Jonathan Ericsson is hit by Chris Stewart and loses puck.
4:15 of 1st period - Minor Penalty to Johan Franzen for Holding.
4:16 of 1st period - Vincent Lecavalier wins face-off versus Kevin Porter in Avalanche zone.
4:27 of 1st period - Shot by Drew Doughty.
4:27 of 1st period - Stopped by Evgeni Nabokov without a rebound.
4:28 of 1st period - Jordan Staal wins face-off versus Adam Henrique in Avalanche zone.
4:41 of 1st period - Shot by Brian Gionta.
4:41 of 1st period - Shot Blocked by Rostislav Klesla.
4:43 of 1st period - Shot by John Carlson.
4:43 of 1st period - Shot Misses the Net.
4:45 of 1st period - Shot by Jordan Staal.
4:45 of 1st period - Stopped by Johan Hedberg without a rebound.
4:46 of 1st period - Kevin Porter wins face-off versus Vincent Lecavalier in MapleLeafs zone.
4:50 of 1st period - Icing by Greg Zanon.
4:51 of 1st period - Jordan Staal wins face-off versus Vincent Lecavalier in MapleLeafs zone.
5:04 of 1st period - Shot by Vincent Lecavalier.
5:04 of 1st period - Stopped by Evgeni Nabokov without a rebound.
5:05 of 1st period - Adam Henrique wins face-off versus Kevin Porter in Avalanche zone.
5:10 of 1st period - Shot by Steve Sullivan.
5:10 of 1st period - Stopped by Evgeni Nabokov without a rebound.
5:11 of 1st period - Jordan Staal wins face-off versus Vincent Lecavalier in Avalanche zone.
5:17 of 1st period - Icing by Drew Doughty.
5:18 of 1st period - Vincent Lecavalier wins face-off versus Jordan Staal in MapleLeafs zone.
5:39 of 1st period - Shot by Drew Doughty.
5:39 of 1st period - Shot Misses the Net.
5:41 of 1st period - Shot by Drew Doughty.
5:41 of 1st period - Stopped by Evgeni Nabokov without a rebound.
5:42 of 1st period - Kevin Porter wins face-off versus Adam Henrique in Avalanche zone.
5:42 of 1st period - Kevin Porter is hit by Raffi Torres.
5:55 of 1st period - Marian Hossa is hit by Jonathan Ericsson and loses puck.
6:02 of 1st period - Marian Hossa is hit by Raffi Torres and loses puck.
6:07 of 1st period - Shot by Rostislav Klesla.
6:07 of 1st period - Shot Blocked by Alexei Emelin.
6:09 of 1st period - Shot by Rostislav Klesla.
6:09 of 1st period - Stopped by Evgeni Nabokov without a rebound.
6:10 of 1st period - Jordan Staal wins face-off versus Patrick Marleau in Avalanche zone.
6:29 of 1st period - Shot by Ryan Carter.
6:29 of 1st period - Stopped by Evgeni Nabokov without a rebound.
6:30 of 1st period - Adam Hall wins face-off versus Cody Hodgson in Avalanche zone.
6:45 of 1st period - Shot by Brayden Schenn.
6:45 of 1st period - Shot Misses the Net.
6:59 of 1st period - Shot by Marian Hossa.
6:59 of 1st period - Stopped by Johan Hedberg with a rebound.
7:01 of 1st period - Shot by Kevin Shattenkirk.
7:01 of 1st period - Stopped by Johan Hedberg without a rebound.
7:02 of 1st period - Vernon Fiddler wins face-off versus Derek Stepan in MapleLeafs zone.
7:15 of 1st period - Shot by Johan Franzen.
7:15 of 1st period - Deflect By Chris Stewart.
7:15 of 1st period - Shot Misses the Net.
7:24 of 1st period - Icing by Drew Doughty.
7:25 of 1st period - Jordan Staal wins face-off versus Vernon Fiddler in MapleLeafs zone.
7:30 of 1st period - Shot by Brian Gionta.
7:30 of 1st period - Shot Blocked by Hal Gill.
7:41 of 1st period - Icing by Tyson Barrie.
7:42 of 1st period - Adam Hall wins face-off versus Jordan Staal in Avalanche zone.
8:03 of 1st period - Shot by Ryan Callahan.
8:03 of 1st period - Stopped by Evgeni Nabokov without a rebound.
8:04 of 1st period - Adam Henrique wins face-off versus Derek Stepan in Avalanche zone.
8:08 of 1st period - Icing by Michael Del Zotto.
8:09 of 1st period - Derek Stepan wins face-off versus Vincent Lecavalier in Avalanche zone.
8:20 of 1st period - Patrick Marleau is hit by Johan Franzen.
8:47 of 1st period - Shot by Chris Stewart.
8:47 of 1st period - Shot Misses the Net.
9:46 of 1st period - Minor Penalty to Drew Doughty for Boarding.
9:47 of 1st period - Adam Henrique wins face-off versus Jordan Staal in MapleLeafs zone.
11:16 of 1st period - Shot by Brayden Schenn.
11:16 of 1st period - Deflect By Chris Stewart.
11:16 of 1st period - Shot Misses the Net.
11:18 of 1st period - Shot by John Carlson.
11:18 of 1st period - Shot Blocked by Greg Zanon.
11:56 of 1st period - Kevin Porter is hit by Drew Doughty.
13:34 of 1st period - Brayden Schenn is hit by Greg Zanon and loses puck.
13:44 of 1st period - Icing by Greg Zanon.
13:45 of 1st period - Vernon Fiddler wins face-off versus Derek Stepan in MapleLeafs zone.
14:04 of 1st period - Shot by Derek Stepan.
14:04 of 1st period - Shot Blocked by Brian Lashoff.
14:06 of 1st period - Shot by Derek Stepan.
14:06 of 1st period - Shot Misses the Net.
14:40 of 1st period - Hal Gill is hit by Kevin Porter and loses puck.
15:12 of 1st period - Shot by Adam Henrique.
15:12 of 1st period - Stopped by Evgeni Nabokov without a rebound.
15:13 of 1st period - Brayden Schenn wins face-off versus Evgeni Malkin in Avalanche zone.
15:20 of 1st period - Shot by Cody Hodgson.
15:20 of 1st period - Deflect By Brayden Schenn.
15:20 of 1st period - Shot Misses the Net.
15:28 of 1st period - Shot by Vincent Lecavalier.
15:28 of 1st period - Shot Misses the Net.
16:03 of 1st period - Shot by Raffi Torres.
16:03 of 1st period - Stopped by Evgeni Nabokov without a rebound.
16:04 of 1st period - Derek Stepan wins face-off versus Adam Henrique in Avalanche zone.
16:09 of 1st period - Icing by Tyson Barrie.
16:10 of 1st period - Derek Stepan wins face-off versus Adam Henrique in Avalanche zone.
16:22 of 1st period - Icing by Nick Leddy.
16:23 of 1st period - Jordan Staal wins face-off versus Adam Henrique in MapleLeafs zone.
16:42 of 1st period - Shot by Raffi Torres.
16:42 of 1st period - Stopped by Evgeni Nabokov without a rebound.
16:43 of 1st period - Derek Stepan wins face-off versus Adam Hall in Avalanche zone.
19:13 of 1st period - Shot by Brayden Schenn.
19:13 of 1st period - Shot Blocked by Steve Sullivan.
19:15 of 1st period - Shot by Brayden Schenn.
19:15 of 1st period - Shot Misses the Net.
19:17 of 1st period - Shot by Brayden Schenn.
19:17 of 1st period - Shot Misses the Net.
19:19 of 1st period - Shot by Alexei Emelin.
19:19 of 1st period - Stopped by Johan Hedberg with a rebound.
19:21 of 1st period - Shot by Marian Hossa.
19:21 of 1st period - Shot Blocked by Drew Doughty.
19:23 of 1st period - Shot by Marian Hossa.
19:23 of 1st period - Shot Blocked by Steve Sullivan.
19:25 of 1st period - Shot by Brayden Schenn.
19:25 of 1st period - Stopped by Johan Hedberg without a rebound.
19:26 of 1st period - Vincent Lecavalier wins face-off versus Kevin Porter in MapleLeafs zone.
19:55 of 1st period - Shot by Patrick Marleau.
19:55 of 1st period - Shot Misses the Net.
19:57 of 1st period - Shot by Greg Zanon.
19:57 of 1st period - Shot Blocked by Tyson Barrie.

2nd period


0:01 of 2nd period - Adam Hall wins face-off versus Derek Stepan in neutral zone.
0:06 of 2nd period - Icing by Kevin Shattenkirk.
0:07 of 2nd period - Derek Stepan wins face-off versus Adam Hall in Avalanche zone.
0:23 of 2nd period - Shot by Johan Franzen.
0:23 of 2nd period - Stopped by Johan Hedberg with a rebound.
0:25 of 2nd period - Shot by Johan Franzen.
0:25 of 2nd period - Goal by Johan Franzen - MapleLeafs : 0 - Avalanche : 2.
0:26 of 2nd period - Cody Hodgson wins face-off versus Vernon Fiddler in neutral zone.
0:26 of 2nd period - Cody Hodgson is hit by Derek Dorsett.
0:51 of 2nd period - Cody Hodgson is hit by Jonathan Ericsson and loses puck.
0:56 of 2nd period - Shot by Marian Hossa.
0:56 of 2nd period - Shot Misses the Net.
1:03 of 2nd period - Minor Penalty to Jonathan Ericsson for Holding.
1:04 of 2nd period - Vernon Fiddler wins face-off versus Derek Stepan in MapleLeafs zone.
1:14 of 2nd period - Icing by Derek Stepan.
1:15 of 2nd period - Derek Stepan wins face-off versus Vernon Fiddler in Avalanche zone.
2:25 of 2nd period - Shot by Jordan Staal.
2:25 of 2nd period - Shot Misses the Net.
2:34 of 2nd period - Shot by Chris Stewart.
2:34 of 2nd period - Shot Misses the Net.
3:06 of 2nd period - Shot by Johan Franzen.
3:06 of 2nd period - Stopped by Johan Hedberg without a rebound.
3:07 of 2nd period - Adam Hall wins face-off versus Kevin Porter in MapleLeafs zone.
3:18 of 2nd period - Shot by Travis Moen.
3:18 of 2nd period - Shot Hit the Post.
3:21 of 2nd period - Icing by Adam Hall.
3:22 of 2nd period - Jordan Staal wins face-off versus Adam Hall in MapleLeafs zone.
3:33 of 2nd period - Shot by Evgeni Malkin.
3:33 of 2nd period - Goal by Evgeni Malkin - MapleLeafs : 1 - Avalanche : 2.
3:34 of 2nd period - Adam Henrique wins face-off versus Derek Stepan in neutral zone.
4:24 of 2nd period - Icing by Lubomir Visnovsky.
4:25 of 2nd period - Derek Stepan wins face-off versus Vincent Lecavalier in Avalanche zone.
4:29 of 2nd period - Kevin Shattenkirk is hit by Vincent Lecavalier and loses puck.
4:39 of 2nd period - Minor Penalty to Kevin Shattenkirk for Goalie Interference.
4:39 of 2nd period - Minor Penalty to Vincent Lecavalier for Roughing.
4:40 of 2nd period - Jordan Staal wins face-off versus Adam Hall in Avalanche zone.
4:45 of 2nd period - Nick Leddy is hit by Jordan Staal and loses puck.
5:27 of 2nd period - Michael Del Zotto is hit by Raffi Torres and loses puck.
5:40 of 2nd period - Shot by Patrick Marleau.
5:40 of 2nd period - Stopped by Evgeni Nabokov without a rebound.
5:41 of 2nd period - Derek Stepan wins face-off versus Adam Henrique in Avalanche zone.
5:41 of 2nd period - Derek Stepan is hit by Patrick Marleau.
6:08 of 2nd period - Shot by Derek Stepan.
6:08 of 2nd period - Stopped by Johan Hedberg with a rebound.
6:35 of 2nd period - Off-side.
6:36 of 2nd period - Adam Hall wins face-off versus Jordan Staal in neutral zone.
6:39 of 2nd period - Shot by Drew Doughty.
6:39 of 2nd period - Stopped by Evgeni Nabokov without a rebound.
6:40 of 2nd period - Kevin Porter wins face-off versus Vernon Fiddler in Avalanche zone.
6:40 of 2nd period - Kevin Porter is hit by Derek Dorsett.
7:47 of 2nd period - Shot by Patrick Marleau.
7:47 of 2nd period - Shot Misses the Net.
7:49 of 2nd period - Shot by Vincent Lecavalier.
7:49 of 2nd period - Deflect By Evgeni Malkin.
7:49 of 2nd period - Stopped by Evgeni Nabokov with a rebound.
7:55 of 2nd period - Shot by Vincent Lecavalier.
7:55 of 2nd period - Stopped by Evgeni Nabokov without a rebound.
7:56 of 2nd period - Cody Hodgson wins face-off versus Adam Henrique in Avalanche zone.
7:56 of 2nd period - Kevin Shattenkirk is hit by Raffi Torres and loses puck.
8:22 of 2nd period - Shot by Marian Hossa.
8:22 of 2nd period - Shot Misses the Net.
8:45 of 2nd period - Rostislav Klesla is hit by Chris Stewart and loses puck.
9:24 of 2nd period - Minor Penalty to Vincent Lecavalier for Tripping.
9:25 of 2nd period - Jordan Staal wins face-off versus Vernon Fiddler in MapleLeafs zone.
9:26 of 2nd period - Shot by Lubomir Visnovsky.
9:26 of 2nd period - Stopped by Johan Hedberg without a rebound.
9:27 of 2nd period - Vernon Fiddler wins face-off versus Jordan Staal in MapleLeafs zone.
9:53 of 2nd period - Off-side.
9:54 of 2nd period - Vernon Fiddler wins face-off versus Derek Stepan in neutral zone.
9:54 of 2nd period - Drew Doughty is hit by Johan Franzen and loses puck.
10:31 of 2nd period - Shot by John Carlson.
10:31 of 2nd period - Stopped by Johan Hedberg without a rebound.
10:32 of 2nd period - Vernon Fiddler wins face-off versus Jordan Staal in MapleLeafs zone.
10:32 of 2nd period - Vernon Fiddler is hit by Jordan Staal.
10:42 of 2nd period - Greg Zanon is hit by Chris Stewart and loses puck.
11:52 of 2nd period - Ryan Callahan is hit by Justin Abdelkader.
12:01 of 2nd period - Icing by Alexei Emelin.
12:02 of 2nd period - Adam Henrique wins face-off versus Kevin Porter in Avalanche zone.
12:49 of 2nd period - Shot by Marcus Johansson.
12:49 of 2nd period - Shot Blocked by Nick Leddy.
13:05 of 2nd period - Shot by Jordan Staal.
13:05 of 2nd period - Shot Misses the Net.
13:34 of 2nd period - Cody Hodgson is hit by Drew Doughty and loses puck.
13:37 of 2nd period - Shot by Marian Hossa.
13:37 of 2nd period - Stopped by Johan Hedberg without a rebound.
13:38 of 2nd period - Vincent Lecavalier wins face-off versus Chris Stewart in MapleLeafs zone.
13:38 of 2nd period - Evgeni Malkin is hit by Derek Stepan and loses puck.
13:49 of 2nd period - Shot by Chris Stewart.
13:49 of 2nd period - Stopped by Johan Hedberg with a rebound.
13:51 of 2nd period - Shot by Johan Franzen.
13:51 of 2nd period - Stopped by Johan Hedberg without a rebound.
13:52 of 2nd period - Kevin Porter wins face-off versus Vernon Fiddler in MapleLeafs zone.
13:52 of 2nd period - Lubomir Visnovsky is hit by Brian Lashoff and loses puck.
14:03 of 2nd period - Shot by Kevin Porter.
14:03 of 2nd period - Stopped by Johan Hedberg without a rebound.
14:04 of 2nd period - Derek Stepan wins face-off versus Vincent Lecavalier in MapleLeafs zone.
14:21 of 2nd period - Shot by Vincent Lecavalier.
14:21 of 2nd period - Shot Blocked by Chris Stewart.
14:23 of 2nd period - Shot by Vincent Lecavalier.
14:23 of 2nd period - Shot Misses the Net.
14:25 of 2nd period - Shot by Patrick Marleau.
14:25 of 2nd period - Stopped by Evgeni Nabokov with a rebound.
14:27 of 2nd period - Shot by Patrick Marleau.
14:27 of 2nd period - Stopped by Evgeni Nabokov without a rebound.
14:28 of 2nd period - Vernon Fiddler wins face-off versus Cody Hodgson in Avalanche zone.
14:42 of 2nd period - Vernon Fiddler is hit by Kevin Shattenkirk and loses puck.
14:45 of 2nd period - Shot by Derek Dorsett.
14:45 of 2nd period - Shot Misses the Net.
14:47 of 2nd period - Shot by Vernon Fiddler.
14:47 of 2nd period - Shot Misses the Net.
15:09 of 2nd period - Shot by Brayden Schenn.
15:09 of 2nd period - Shot Misses the Net.
16:12 of 2nd period - Icing by Jonathan Ericsson.
16:13 of 2nd period - Jordan Staal wins face-off versus Vincent Lecavalier in MapleLeafs zone.
16:31 of 2nd period - Icing by Alexei Emelin.
16:32 of 2nd period - Jordan Staal wins face-off versus Adam Henrique in Avalanche zone.
16:54 of 2nd period - Shot by Jordan Staal.
16:54 of 2nd period - Shot Misses the Net.
16:56 of 2nd period - Shot by Marcus Johansson.
16:56 of 2nd period - Stopped by Johan Hedberg without a rebound.
16:57 of 2nd period - Cody Hodgson wins face-off versus Vernon Fiddler in MapleLeafs zone.
17:17 of 2nd period - Shot by Vernon Fiddler.
17:17 of 2nd period - Stopped by Evgeni Nabokov with a rebound.
17:22 of 2nd period - Shot by Vernon Fiddler.
17:22 of 2nd period - Shot Misses the Net.
17:24 of 2nd period - Shot by Derek Dorsett.
17:24 of 2nd period - Shot Misses the Net.
17:26 of 2nd period - Shot by Brian Lashoff.
17:26 of 2nd period - Shot Blocked by Michael Del Zotto.
17:28 of 2nd period - Shot by Vernon Fiddler.
17:28 of 2nd period - Shot Misses the Net.
17:32 of 2nd period - Shot by Greg Zanon.
17:32 of 2nd period - Shot Blocked by John Carlson.
18:25 of 2nd period - Shot by Derek Stepan.
18:25 of 2nd period - Stopped by Johan Hedberg without a rebound.
18:26 of 2nd period - Marcus Johansson wins face-off versus Adam Henrique in MapleLeafs zone.
19:48 of 2nd period - Icing by Kevin Shattenkirk.
19:49 of 2nd period - Derek Stepan wins face-off versus Adam Hall in Avalanche zone.

3rd period


0:01 of 3rd period - Adam Hall wins face-off versus Cody Hodgson in neutral zone.
0:14 of 3rd period - Shot by Drew Doughty.
0:14 of 3rd period - Shot Misses the Net.
1:19 of 3rd period - Ryan Carter is hit by Derek Stepan and loses puck.
1:33 of 3rd period - Johan Franzen is hit by Brian Lashoff and loses puck.
2:12 of 3rd period - Shot by Marcus Johansson.
2:12 of 3rd period - Deflect By Jordan Staal.
2:12 of 3rd period - Stopped by Johan Hedberg without a rebound.
2:13 of 3rd period - Kevin Porter wins face-off versus Vincent Lecavalier in MapleLeafs zone.
2:30 of 3rd period - Icing by Drew Doughty.
2:31 of 3rd period - Cody Hodgson wins face-off versus Vincent Lecavalier in MapleLeafs zone.
2:54 of 3rd period - Shot by Evgeni Malkin.
2:54 of 3rd period - Stopped by Evgeni Nabokov with a rebound.
3:14 of 3rd period - Shot by Brayden Schenn.
3:14 of 3rd period - Shot Misses the Net.
3:31 of 3rd period - Icing by John Carlson.
3:32 of 3rd period - Derek Stepan wins face-off versus Vernon Fiddler in Avalanche zone.
4:23 of 3rd period - Off-side.
4:24 of 3rd period - Adam Henrique wins face-off versus Cody Hodgson in neutral zone.
4:27 of 3rd period - Cody Hodgson is hit by Raffi Torres and loses puck.
4:40 of 3rd period - Shot by Raffi Torres.
4:40 of 3rd period - Shot Misses the Net.
4:42 of 3rd period - Shot by Adam Henrique.
4:42 of 3rd period - Shot Misses the Net.
4:44 of 3rd period - Shot by Jonathan Ericsson.
4:44 of 3rd period - Shot Blocked by Tyson Barrie.
4:46 of 3rd period - Shot by Adam Henrique.
4:46 of 3rd period - Shot Misses the Net.
4:51 of 3rd period - Shot by Raffi Torres.
4:51 of 3rd period - Shot Misses the Net.
4:53 of 3rd period - Shot by Steve Sullivan.
4:53 of 3rd period - Shot Misses the Net.
4:55 of 3rd period - Shot by Raffi Torres.
4:55 of 3rd period - Stopped by Evgeni Nabokov without a rebound.
4:56 of 3rd period - Adam Hall wins face-off versus Jordan Staal in Avalanche zone.
5:10 of 3rd period - Kevin Shattenkirk is hit by Drew Doughty and loses puck.
5:20 of 3rd period - Evgeni Malkin is hit by Jordan Staal and loses puck.
5:45 of 3rd period - Icing by Kevin Shattenkirk.
5:46 of 3rd period - Vernon Fiddler wins face-off versus Jordan Staal in Avalanche zone.
5:46 of 3rd period - Vernon Fiddler is hit by Lubomir Visnovsky.
5:54 of 3rd period - Shot by Greg Zanon.
5:54 of 3rd period - Shot Misses the Net.
5:56 of 3rd period - Shot by Derek Dorsett.
5:56 of 3rd period - Stopped by Evgeni Nabokov without a rebound.
5:57 of 3rd period - Adam Henrique wins face-off versus Derek Stepan in Avalanche zone.
6:22 of 3rd period - Shot by Steve Sullivan.
6:22 of 3rd period - Stopped by Evgeni Nabokov without a rebound.
6:23 of 3rd period - Vernon Fiddler wins face-off versus Cody Hodgson in Avalanche zone.
6:23 of 3rd period - Nick Leddy is hit by Alexei Emelin and loses puck.
7:07 of 3rd period - Drew Doughty is hit by Alexei Emelin and loses puck.
7:18 of 3rd period - Shot by Evgeni Malkin.
7:18 of 3rd period - Stopped by Evgeni Nabokov without a rebound.
7:19 of 3rd period - Vincent Lecavalier wins face-off versus Derek Stepan in Avalanche zone.
7:27 of 3rd period - Icing by Derek Stepan.
7:28 of 3rd period - Vincent Lecavalier wins face-off versus Derek Stepan in Avalanche zone.
7:29 of 3rd period - Shot by Evgeni Malkin.
7:29 of 3rd period - Stopped by Evgeni Nabokov without a rebound.
7:30 of 3rd period - Derek Stepan wins face-off versus Vincent Lecavalier in Avalanche zone.
7:36 of 3rd period - Off-side.
7:37 of 3rd period - Derek Stepan wins face-off versus Vincent Lecavalier in neutral zone.
7:37 of 3rd period - John Carlson is hit by Vincent Lecavalier.
7:39 of 3rd period - Shot by Chris Stewart.
7:39 of 3rd period - Shot Misses the Net.
7:55 of 3rd period - Vincent Lecavalier is hit by Chris Stewart and loses puck.
8:05 of 3rd period - Minor Penalty to Michael Del Zotto for Hooking.
8:06 of 3rd period - Jordan Staal wins face-off versus Adam Henrique in Avalanche zone.
8:28 of 3rd period - Off-side.
8:29 of 3rd period - Jordan Staal wins face-off versus Vincent Lecavalier in neutral zone.
8:41 of 3rd period - Icing by Evgeni Malkin.
8:42 of 3rd period - Jordan Staal wins face-off versus Vincent Lecavalier in MapleLeafs zone.
8:59 of 3rd period - Shot by Brian Gionta.
8:59 of 3rd period - Shot Misses the Net.
9:11 of 3rd period - Shot by Patrick Marleau.
9:11 of 3rd period - Shot Misses the Net.
9:13 of 3rd period - Shot by Greg Zanon.
9:13 of 3rd period - Shot Blocked by Kevin Shattenkirk.
9:15 of 3rd period - Shot by Drew Doughty.
9:15 of 3rd period - Stopped by Evgeni Nabokov without a rebound.
9:16 of 3rd period - Kevin Porter wins face-off versus Adam Henrique in Avalanche zone.
9:37 of 3rd period - Shot by Adam Henrique.
9:37 of 3rd period - Stopped by Evgeni Nabokov without a rebound.
9:38 of 3rd period - Jordan Staal wins face-off versus Vincent Lecavalier in Avalanche zone.
10:32 of 3rd period - Icing by Jonathan Ericsson.
10:33 of 3rd period - Vernon Fiddler wins face-off versus Cody Hodgson in MapleLeafs zone.
10:33 of 3rd period - Vernon Fiddler is hit by Marian Hossa.
10:40 of 3rd period - Minor Penalty to Rostislav Klesla for Interference.
10:41 of 3rd period - Jordan Staal wins face-off versus Vernon Fiddler in MapleLeafs zone.
11:00 of 3rd period - Shot by Patrick Marleau.
11:00 of 3rd period - Stopped by Evgeni Nabokov without a rebound.
11:01 of 3rd period - Adam Henrique wins face-off versus Derek Stepan in Avalanche zone.
11:13 of 3rd period - Icing by Lubomir Visnovsky.
11:14 of 3rd period - Derek Stepan wins face-off versus Vernon Fiddler in Avalanche zone.
11:21 of 3rd period - Shot by Lubomir Visnovsky.
11:21 of 3rd period - Shot Misses the Net.
11:33 of 3rd period - Icing by Derek Stepan.
11:34 of 3rd period - Vernon Fiddler wins face-off versus Derek Stepan in Avalanche zone.
12:53 of 3rd period - Shot by Vincent Lecavalier.
12:53 of 3rd period - Shot Blocked by Alexei Emelin.
13:34 of 3rd period - Icing by Adam Henrique.
13:35 of 3rd period - Adam Henrique wins face-off versus Jordan Staal in MapleLeafs zone.
13:49 of 3rd period - Shot by Marcus Johansson.
13:49 of 3rd period - Shot Misses the Net.
13:51 of 3rd period - Shot by John Carlson.
13:51 of 3rd period - Shot Misses the Net.
13:53 of 3rd period - Shot by Jordan Staal.
13:53 of 3rd period - Shot Misses the Net.
13:58 of 3rd period - Brian Gionta is hit by Rostislav Klesla and loses puck.
15:03 of 3rd period - Kevin Shattenkirk is hit by Greg Zanon and loses puck.
15:07 of 3rd period - Icing by Brian Lashoff.
15:08 of 3rd period - Cody Hodgson wins face-off versus Adam Hall in MapleLeafs zone.
15:08 of 3rd period - Tyson Barrie is hit by Brian Lashoff and loses puck.
15:20 of 3rd period - Brayden Schenn is hit by Brian Lashoff and loses puck.
15:22 of 3rd period - Minor Penalty to Greg Zanon for Hooking.
15:23 of 3rd period - Vernon Fiddler wins face-off versus Jordan Staal in MapleLeafs zone.
15:44 of 3rd period - Shot by Michael Del Zotto.
15:44 of 3rd period - Stopped by Johan Hedberg without a rebound.
15:45 of 3rd period - Vernon Fiddler wins face-off versus Marian Hossa in MapleLeafs zone.
15:56 of 3rd period - Shot by Kevin Shattenkirk.
15:56 of 3rd period - Shot Blocked by Jonathan Ericsson.
15:58 of 3rd period - Shot by Johan Franzen.
15:58 of 3rd period - Stopped by Johan Hedberg without a rebound.
15:59 of 3rd period - Patrick Marleau wins face-off versus Derek Stepan in MapleLeafs zone.
15:59 of 3rd period - Patrick Marleau is hit by Johan Franzen.
16:15 of 3rd period - Shot by Derek Stepan.
16:15 of 3rd period - Stopped by Johan Hedberg without a rebound.
16:16 of 3rd period - Adam Henrique wins face-off versus Jordan Staal in MapleLeafs zone.
16:16 of 3rd period - Adam Henrique is hit by Chris Stewart.
16:49 of 3rd period - Shot by Lubomir Visnovsky.
16:49 of 3rd period - Shot Misses the Net.
16:51 of 3rd period - Shot by Kevin Shattenkirk.
16:51 of 3rd period - Shot Misses the Net.
17:40 of 3rd period - Icing by Justin Abdelkader.
17:41 of 3rd period - Kevin Porter wins face-off versus Adam Henrique in Avalanche zone.
18:07 of 3rd period - Icing by Brian Lashoff.
18:08 of 3rd period - Adam Henrique wins face-off versus Brian Gionta in MapleLeafs zone.
18:49 of 3rd period - Shot by Brian Gionta.
18:49 of 3rd period - Shot Misses the Net.
19:03 of 3rd period - MapleLeafs, Johan Hedberg is pulled from the net.
19:52 of 3rd period - Shot by Vincent Lecavalier.
19:52 of 3rd period - Deflect By Patrick Marleau.
19:52 of 3rd period - Stopped by Evgeni Nabokov without a rebound.
19:53 of 3rd period - Vincent Lecavalier wins face-off versus Derek Stepan in Avalanche zone.


Output by the SimonT Hockey Simulator (STHS) for Stephane Roy -- Original Page W3C XHTML 1.0 Valid
Hockey Simulator - Hockey Simulation - Hockey Manager